 Dungeon Crawl Stone Soup version 0.27.1-33-g824d729ab1 (webtiles) character file.

Game seed: 4496933832011349493

776 Aksej the Slasher (level 7, 0/53 HPs)
             Began as a Demonspawn Gladiator on Nov 28, 2021.
             Slain by an ogre (26 damage)
             ... on level 4 of the Dungeon.
             The game lasted 00:14:14 (4652 turns).

Aksej the Slasher (Demonspawn Gladiator)            Turns: 4652, Time: 00:14:15

Health: 0/53       AC: 12    Str: 15    XL:     7   Next: 54%
Magic:  7/7        EV: 15    Int:  9    God:
Gold:   166        SH:  8    Dex: 16    Spells: 6/6 levels left

rFire    . . .     SeeInvis .   a - +0 long sword
rCold    . . .     Faith    .   k - +0 kite shield
rNeg     . . .     Spirit   .   j - +0 ring mail
rPois    .         Reflect  .   c - +1 helmet
rElec    .         Harm     .   e - +2 cloak
rCorr    .         Rampage  .   r - +0 pair of gloves
Will     .....                  (no boots)
Stlth    ++........             (no amulet)
HPRegen  0.17/turn              (no ring)
MPRegen  0.10/turn              (no ring)

@: agile
A: powered by pain 1, sturdy frame 1
a: no special abilities


You were on level 4 of the Dungeon.
You visited 1 branch of the dungeon, and saw 5 of its levels.

You collected 166 gold pieces.

Inventory:

Hand Weapons
 a - a +0 long sword (weapon)
Missiles
 h - 5 javelins
 p - 2 boomerangs (quivered)
 v - a throwing net
Armour
 c - a +1 helmet (worn)
 e - a +2 cloak (worn)
 j - a +0 ring mail (worn)
 k - a +0 kite shield (worn)
 r - a +0 pair of gloves (worn)
Wands
 f - a wand of polymorph (10)
Scrolls
 g - a scroll of amnesia
 n - a scroll of teleportation
Potions
 b - 2 potions of cancellation
 d - 3 potions of brilliance
 i - a potion of invisibility
 l - a potion of might {unknown}
 m - a potion of experience {unknown}
 o - a potion of heal wounds {unknown}
 q - a potion of lignification {unknown}
 s - a potion of magic {unknown}
 t - a potion of ambrosia {unknown}
 u - a potion of curing
 w - a potion of haste {unknown}


   Skills:
 + Level 3.8 Fighting
 + Level 5.4 Long Blades
 + Level 2.5 Throwing
 + Level 2.9 Armour
 + Level 3.5 Dodging
 + Level 1.9 Stealth
 + Level 1.5 Shields


You had 6 spell levels left.
You didn't know any spells.
Your spell library contained the following spells:

 Spells                   Type           Power      Damage    Failure   Level
 Sting                    Tmut/Pois      0%         1d3       97%         1
 Poisonous Vapours        Pois/Air       0%         N/A       99%         2
 Olgreb's Toxic Radiance  Pois           0%         N/A       100%        4
 Freezing Cloud           Conj/Ice/Air   0%         6-21      100%        5
 Simulacrum               Ice/Necr       0%         N/A       100%        6
 Polar Vortex             Ice            0%         N/A       100%        9


Dungeon Overview and Level Annotations

Branches:
Dungeon (5/15)
 Temple: D:4-7

Altars:
Fedhas
Xom
The Shining One

Annotations:
D:5 1 transporter


Innate Abilities, Weirdness & Mutations

You sometimes gain a little power by taking damage.
Your movements are slightly less encumbered by armour. (ER -2)


Message History

The hound barely misses you. The hound bites you but does no damage.
You block the hound's attack. You block the hound's attack. x2
You slash the hound!
The hound is almost dead.
The hound bites you but does no damage. The hound barely misses you.
You slash the hound!
You kill the hound!
You barely miss the ogre. The ogre barely misses you.
The ogre hits you with a +0 giant spiked club!!
You slash the ogre!
The ogre is heavily wounded.
The ogre hits you with a +0 giant spiked club!!
Ouch! That really hurt!
* * * LOW HITPOINT WARNING * * *
Okay, then.
Okay, then.
As you read the scroll of teleportation, it crumbles to dust.
You feel strangely unstable.
A kobold comes into view. It is wielding a +0 dagger.
The kobold shouts!
You hit the kobold.
You kill the kobold!
Your surroundings suddenly seem different.
An ogre is nearby!
You completely miss the ogre. The ogre barely misses you.
You hit the ogre.
The ogre is moderately wounded.
The ogre hits you with a +0 giant club!
You focus on the pain.
You feel agile all of a sudden.
You hit the ogre.
The ogre is moderately wounded.
The ogre hits you with a +0 giant club.
You hit the ogre.
The ogre is heavily wounded.
The ogre hits you with a +0 giant club!
You hit the ogre.
The ogre is heavily wounded.
The ogre hits you with a +0 giant club!!
You die...

##.###########.#######
##.###########.###
##...............#
...........###.#.####
......##.# #......#
.#.#### #.#.#### .#.#
#.#.# .#.. #.#.# .#.##
#.#@# .#.. #...O...#
...# #.#.##### #. #


You could see an ogre.

Vanquished Creatures
  Sigmund (D:2)
  2 necrophages (D:4)
  The ghost of CrazyMind the Ducker, a weakling DjGl (D:3)
  3 hounds (D:4)
  Crazy Yiuf (D:3)
  A centaur skeleton (D:3)
  Natasha (thrice) (D:3)
  A scorpion zombie (D:3)
  A hound zombie (D:3)
  A howler monkey zombie (D:3)
  2 adders
  An ufetubus (D:5)
  An adder skeleton (D:3)
  3 worms
  5 orcs (D:3)
  7 ball pythons
  9 endoplasms
  7 giant cockroaches
  6 goblins
  5 hobgoblins
  16 jackals
  2 quokkas
  A ball python zombie (D:3)
  6 bats
  2 frilled lizards (D:1)
  6 kobolds
  9 rats
103 creatures vanquished.

Vanquished Creatures (others)
  2 withered plants (D:3)
2 creatures vanquished.

Grand Total: 105 creatures vanquished

Notes
Turn   | Place    | Note
-------+----------+-------------------------------------------
     0 | D:1      | Aksej the Demonspawn Gladiator began the quest for the Orb.
     0 | D:1      | Reached XP level 1. HP: 16/16 MP: 1/1
     1 | D:1      | Found a runed translucent door.
   638 | D:1      | Reached skill level 3 in Long Blades
   676 | D:1      | Gained mutation: Your movements are slightly less
                  | encumbered by armour. (ER -2) [demonic ancestry]
   676 | D:1      | Reached XP level 2. HP: 18/22 MP: 2/2
  1368 | D:1      | Reached XP level 3. HP: 15/27 MP: 3/3
  1762 | D:2      | Found a faded altar of an unknown god.
  1778 | D:2      | Noticed Sigmund
  1791 | D:2      | Killed Sigmund
  1792 | D:2      | Reached skill level 4 in Long Blades
  1792 | D:2      | Reached skill level 1 in Armour
  1792 | D:2      | Reached skill level 1 in Stealth
  1792 | D:2      | Reached XP level 4. HP: 33/34 MP: 4/4
  1792 | D:2      | Reached XP level 5. HP: 38/40 MP: 5/5
  2474 | D:3      | Gained mutation: You sometimes gain a little power by
                  | taking damage. [demonic ancestry]
  2474 | D:3      | Reached XP level 6. HP: 39/46 MP: 6/6
  2614 | D:3      | Found a transporter.
  2614 | D:3      | Noticed CrazyMind's ghost (weakling DjGl)
  2626 | D:3      | You fall into a shaft and drop 2 floors!
  2626 | D:5      | Entered Level 5 of the Dungeon
  2634 | D:5      | Found a transporter.
  2837 | D:4      | Reached skill level 1 in Shields
  2959 | D:3      | Found a transporter.
  2997 | D:3      | Gained mutation: You occasionally shout uncontrollably at
                  | your foes. [potion of mutation]
  2998 | D:3      | Lost mutation: You occasionally shout uncontrollably at
                  | your foes. [potion of mutation]
  2998 | D:3      | Gained mutation: Your spells are a little harder to cast,
                  | but a little more powerful. [potion of mutation]
  2998 | D:3      | Lost mutation: Your spells are a little harder to cast, but
                  | a little more powerful. [potion of mutation]
  3003 | D:3      | Noticed Natasha
  3011 | D:3      | Killed Natasha
  3156 | D:3      | Found a blossoming altar of Fedhas.
  3157 | D:3      | Found a shimmering altar of Xom.
  3340 | D:3      | Reached skill level 5 in Long Blades
  3537 | D:3      | Found a runed translucent door.
  3538 | D:3      | Noticed Crazy Yiuf
  3545 | D:3      | Killed Crazy Yiuf
  3790 | D:3      | Noticed Natasha
  3795 | D:3      | Killed Natasha
  3796 | D:3      | Reached XP level 7. HP: 48/52 MP: 7/7
  3821 | D:3      | Noticed Natasha
  3828 | D:3      | Killed Natasha
  3963 | D:3      | Killed CrazyMind's ghost
  4652 | D:4      | Slain by an ogre

Illustrated notes

Levels and vault maps discovered:
D:1:      dpeg_arrival_caged_fury, layout_loops_ring, kennysheep_pointless_box
D:2:      layout_basic, shapermc_ecumenical_altar_mp_urbaneastern, uniq_sigmund
D:3:      layout_basic, chequers_temple_overflow_statue_of_worship,
          gammafunk_ghost_arena, serial_undead, serial_undead_e,
          serial_undead_c, serial_undead_a, serial_undead_b, uniq_natasha,
          uniq_crazy_yiuf_cottage
D:4:      layout_basic
D:5:      gammafunk_wand_slinger, layout_cave_pools, ashenzari_altar_1

Skill      XL: |  1  2  3  4  5  6 |
---------------+-------------------+-----
Long Blades    | 3 4 5 |  5.4
Throwing       | 2 |  2.5
Armour         | 1 2 |  2.9
Dodging        | 3 |  3.5
Stealth        | 1 |  1.9
Fighting       | 3 |  3.8
Shields        | 1 |  1.5

Action                   |  1- 3 |  4- 6 |  7- 9 || total
-------------------------+-------+-------+-------++-------
Melee: Long sword        |   125 |   134 |    64 ||   323
Throw: Throwing net      |     4 |       |       ||     4
       Javelin           |     1 |    19 |     3 ||    23
       Boomerang         |       |       |     9 ||     9
  Use: Scroll            |     3 |     2 |     2 ||     7
       Potion            |       |     5 |     1 ||     6
 Stab: Invisible         |       |       |     7 ||     7
Armor: Leather armour    |    17 |       |       ||    17
       Ring mail         |    31 |    78 |    26 ||   135
Dodge: Dodged            |    95 |    76 |    33 ||   204
Block: Kite shield       |       |    61 |    21 ||    82
       Rpst.: Long sword |    34 |    21 |    11 ||    66
